 Dungeon Crawl Stone Soup version 0.25.1-2-g60ff931df9 (webtiles) character file.

Game seed: 4837791093198235518

54 MrRokkomies the Slasher (level 3, -6/29 HPs)
             Began as a Vampire Chaos Knight on Aug 4, 2020.
             Was a Plaything of Xom.
             Mangled by a sun demon (17 damage)
             ... summoned by Xom
             ... on level 1 of the Dungeon.
             The game lasted 00:02:14 (7330 turns).

MrRokkomies the Slasher (Vampire Chaos Knight)      Turns: 7330, Time: 00:02:15

Health: -6/29      AC:  5    Str: 10 (11) XL:     3   Next: 66%
Magic:  3/3        EV: 12    Int: 12 (13) God:    Xom [......]
Gold:   35         SH:  0    Dex: 11      Spells: 2/2 levels left

rFire    . . .     SeeInvis +   a - +0 falchion (chaos)
rCold    . . .     Gourm    .   (no shield)
rNeg     . . .     Faith    .   b - +2 leather armour
rPois    .         Spirit   .   (no helmet)
rElec    .         Reflect  .   (no cloak)
rCorr    .         Harm     .   (no gloves)
MR       .....                  (no boots)
Stlth    +.........             (no amulet)
HPRegen  0.29/turn              (no ring)
MPRegen  0.08/turn              (no ring)

@: regenerating quickly
A: no food, fangs 3, see invisible, clumsy 1, dopey 1, mutation resistance 1,
screaming 1, unbreathing
a: Exsanguinate, Renounce Religion


You were on level 1 of the Dungeon.
You worshipped Xom.
You were a very special plaything of Xom.
You were alive.

You visited 1 branch of the dungeon, and saw 1 of its levels.

You collected 35 gold pieces.

Inventory:

Hand Weapons
 a - a +0 falchion of chaos (weapon)
Missiles
 f - 32 poisoned darts (quivered)
Armour
 b - a +2 leather armour (worn)
Potions
 c - a potion of cancellation {unknown}
 d - 3 potions of degeneration {unknown}
 e - a potion of magic {unknown}


   Skills:
 * Level 3.3 Fighting
 * Level 3.6 Long Blades
 - Level 1.0 Armour
 + Level 2.5 Dodging
 + Level 1.3 Stealth


You had 2 spell levels left.
You didn't know any spells.
Your spell library was empty.

Dungeon Overview and Level Annotations

Branches:
Dungeon (1/15)

Altars:


Innate Abilities, Weirdness & Mutations

You do not eat.
Your natural rate of healing is unusually fast.
You have razor-sharp teeth.
You have supernaturally acute eyesight. (SInv)
You can survive without breathing.
You are clumsy. (Dex -2)
You are dopey. (Int -2)
You are somewhat resistant to further mutation.
You occasionally shout uncontrollably at your foes.


Message History

There are monsters nearby!
There are monsters nearby!
There are monsters nearby!
There are monsters nearby!
There are monsters nearby!
There are monsters nearby!
There are monsters nearby!
You closely miss the sun demon. You bite the sun demon.
The sun demon is lightly wounded.
The sun demon barely misses you.
You riposte.
You hit the sun demon but do no damage.
The sun demon is lightly wounded.
You barely miss the sun demon.
The sun demon is lightly wounded.
The sun demon hits you!!
Ouch! That really hurt!
Xom is amused.
You are engulfed in flames!
Ouch! That really hurt!
You die...

#.## #..##.#.# #.#
...###..##...###.#
#.#..)...........#
....#.......######
#.#.#.....#.#
##..#.#.###.######
#..............5#
#.##.#.###.####3#
#......# #.# #@#
####..### #.# #.#
...#..#####.# #.#
##.#.....##.# #.#
#.#.###.##.# #.#
##.#...#.##.# #.#
...##.##.##.# #.#
..^##.##.##.# #.#
...##.##....# #.#


You could see a sun demon (summoned) and a white imp (summoned).

Vanquished Creatures
  An adder (D:1)
  3 leopard geckos (D:1)
  6 bats (D:1)
  6 giant cockroaches (D:1)
  2 goblins (D:1)
  6 hobgoblins (D:1)
  A quokka (D:1)
  2 frilled lizards (D:1)
  8 kobolds (D:1)
  2 rats (D:1)
37 creatures vanquished.

Vanquished Creatures (others)
  A plant (D:1)
1 creature vanquished.

Grand Total: 38 creatures vanquished

Notes
Turn   | Place    | Note
-------+----------+-------------------------------------------
     0 | D:1      | MrRokkomies the Vampire Chaos Knight began the quest for
                  | the Orb.
     0 | D:1      | Reached XP level 1. HP: 17/17 MP: 1/1
   127 | D:1      | XOM: potion effect (invisibility)
   128 | D:1      | Reached XP level 2. HP: 23/23 MP: 2/2
   166 | D:1      | Reached skill level 1 in Armour
   203 | D:1      | XOM: silly message
   378 | D:1      | Reached XP level 3. HP: 26/29 MP: 3/3
   462 | D:1      | Reached skill level 1 in Stealth
   877 | D:1      | XOM: silly message
  1126 | D:1      | XOM: god gift: chain mail {god gift}
  1157 | D:1      | XOM: give mutation
  1157 | D:1      | Gained mutation: You are weak. (Str -2) [Xom's mischief]
  2005 | D:1      | XOM: summons 2 hostile demons
  2006 | D:1      | Noticed a ynoxinul
  3450 | D:1      | XOM: summons 2 hostile demons
  4139 | D:1      | XOM: stat loss: -1 Str (8/9)
  4291 | D:1      | XOM: summons 4 hostile shadow creatures
  4382 | D:1      | XOM: give mutations
  4382 | D:1      | Gained mutation: You are somewhat resistant to further
                  | mutation. [Xom's mischief]
  4624 | D:1      | XOM: stat loss: -1 Int (14/15)
  4719 | D:1      | XOM: cloud trail
  5235 | D:1      | XOM: give mutation
  5235 | D:1      | Gained mutation: You occasionally shout uncontrollably at
                  | your foes. [Xom's mischief]
  5318 | D:1      | XOM: give mutation
  5318 | D:1      | Gained mutation: You are dopey. (Int -2) [Xom's mischief]
  6405 | D:1      | XOM is BORED!
  6405 | D:1      | XOM: give mutations
  6405 | D:1      | Gained mutation: You are clumsy. (Dex -2) [Xom's mischief]
  6405 | D:1      | Lost mutation: You are dopey. (Int -2) [Xom's mischief]
  6405 | D:1      | Gained mutation: You are dopey. (Int -2) [Xom's mischief]
  6405 | D:1      | Lost mutation: You are weak. (Str -2) [Xom's mischief]
  6793 | D:1      | XOM: silly message
  7328 | D:1      | XOM: summons 2 hostile demons
  7329 | D:1      | Noticed a sun demon
  7330 | D:1      | Mangled by a sun demon

Illustrated notes

Levels and vault maps discovered:
D:1:      evilmike_arrival_rings, layout_basic, st_stairs_9,
          lexackson_kobold_supper

Skill      XL: |  1  2  3 |
---------------+----------+-----
Fighting       | 3 |  3.3
Armour         | 1 |  1.0
Stealth        | 1 |  1.3
Long Blades    | |  3.6
Dodging        | |  2.5

Action                   || total
-------------------------++-------
Melee: Falchion          ||   142
       Bite              ||    14
  Use: Scroll            ||     2
 Stab: Petrified         ||     3
       Sleeping          ||     2
       Invisible         ||     1
Armor: Leather armour    ||    79
Dodge: Dodged            ||   123
       Rpst.: Falchion   ||    44
